AoeStats
← AxD | Cad Bane

African Clearing

506955339Analyzed
4v4 RM · 16d ago on Sep 15, 2026· 24m 21s· 8 players
Game mode
Random Map
Map size
Large (8 player)
Population
200
Speed
Normal
Resources
Standard
Victory
Conquest
Starting age
Dark Age
Ending age
Imperial Age
RankedLock teamsTeams togetherTeam positionsShared explorationLock speedFull tech treeHidden civsTurbo modeCheats
Victory
Defeat
🇨🇱 Jurchens · Chile
1661
+11
🇸🇻 Mapuche · El Salvador
1625
+13
🇦🇷 Persians · Argentina
1576
+15
🇦🇷 Mongols · Argentina
1567
+16
🇺🇸 Georgians · United States
1591
-15
🇨🇱 Vietnamese · Chile
1583
-15
🇺🇸 Mongols · United States
1534
-13
🇨🇱 Khitans · Chile
1506
-12
倉木華
9:17 Loom
12:28 Feudal Age
15:13 Double-Bit Axe
15:09 Horse Collar
KaLong
6:19 Loom
14:57 Feudal Age
_Mewtwo
8:43 Loom
11:32 Feudal Age
12:03 Double-Bit Axe
12:16 Domestication
16:36 Forging
25:07 Castle Age
24:13 Scale Barding Armor
AiM | shona
13:58 Feudal Age
15:37 Loom
21:09 Castle Age
19:40 Fishing Lines
21:21 Double-Bit Axe
22:33 Bow Saw
AxD | Cad Bane
9:00 Loom
9:47 Loom
12:54 Feudal Age
14:08 Double-Bit Axe
15:26 Scale Barding Armor
23:12 Castle Age
22:28 Padded Archer Armor
23:12 Gold Mining
23:03 Horse Collar
AxD | Kurumi 002
5:48 Loom
13:42 Feudal Age
17:40 Castle Age
16:29 Fletching
23:11 Bodkin Arrow
Cronos
6:19 Loom
9:03 Loom
11:23 Feudal Age
12:06 Double-Bit Axe
23:06 Castle Age
21:55 Fletching
24:26 Bodkin Arrow
AxD | MatrixWars
8:50 Loom
11:45 Feudal Age
12:32 Double-Bit Axe
13:24 Town Watch
20:26 Castle Age
19:18 Horse Collar
19:31 Gold Mining
21:16 Bow Saw
21:29 Bloodlines
Connection lost

Rejoining the realm…

Still unreachable

The connection could not be restored.

Session expired

The server has moved on; the page needs a fresh start.